 Dungeon Crawl Stone Soup version 0.29-a0-824-gd827844252 (webtiles) character file.

Game seed: 4795226565248136679

2471 Malachi the Prestidigitator (level 9, 0/68 HPs)
             Began as a Naga Ice Elementalist on July 10, 2022.
             Was an Initiate of Vehumet.
             Slain by a gnoll
             ... wielding a +0 club
              (2 damage)
             ... while paralysed by Grinder
             ... on level 3 of the Dungeon.
             The game lasted 00:17:24 (7739 turns).

Malachi the Prestidigitator (Naga Ice Elementalist) Turns: 7739, Time: 00:17:24

Health: 0/68       AC: 13    Str: 10    XL:     9   Next: 51%
Magic:  15/15      EV:  1    Int: 20    God:    Vehumet [......]
Gold:   319        SH:  0    Dex: 12    Spells: 9/16 levels left

rFire   + . .      SeeInvis +   v - +1 dagger (elec)
rCold   . . .      Faith    .   (no shield)
rNeg    . . .      Spirit   .   m - +2 robe {rF+}
rPois   +          Reflect  .   (no helmet)
rElec   .          Harm     .   w - scarf {+Inv}
rCorr   .          Rampage  .   (no gloves)
Will    +....                   (no barding)
Stlth   ++........              (no amulet)
HPRegen 0.21/turn               (no ring)
MPRegen 0.14/turn               (no ring)

@: paralysed, ice-armoured, very slow
A: AC +3, large, see invisible, deformed body, poison resistance, slowness 2,
spit poison 1, naga tail 1
a: Spit Poison, Renounce Religion, Evoke Invisibility


You were on level 3 of the Dungeon.
You worshipped Vehumet.
Vehumet was noncommittal.
You visited 2 branches of the dungeon, and saw 7 of its levels.

You collected 319 gold pieces.

Inventory:

Hand Weapons
 l - a +2 dagger of venom
 v - a +1 dagger of electrocution (weapon)
Missiles
 c - 6 curare-tipped darts
 d - 3 javelins
 k - 20 poisoned darts
Armour
 m - a +2 robe of fire resistance (worn)
 w - a scarf of invisibility (worn)
Jewellery
 x - a +4 ring of protection
Wands
 i - a wand of quicksilver (8)
 r - a wand of roots (5)
 t - a wand of polymorph (7)
Scrolls
 a - 4 scrolls of identify {unknown}
 e - 2 scrolls of teleportation {unknown}
 g - 4 scrolls of enchant weapon {unknown}
 h - a scroll of torment {unknown}
 j - a scroll of blinking {unknown}
 n - a scroll of fog {unknown}
 s - a scroll of immolation {unknown}
 u - a scroll of fear {unknown}
 y - a scroll of magic mapping {unknown}
 B - 2 scrolls of silence {unknown}
 D - a scroll of poison {unknown}
Potions
 b - a potion of magic
 f - a potion of invisibility {unknown}
 o - 2 potions of haste
 p - a potion of resistance {unknown}
 q - 2 potions of lignification {unknown}
 z - a potion of curing {unknown}
 A - 2 potions of degeneration {unknown}
 C - a potion of heal wounds {unknown}


   Skills:
 - Level 0.3 Short Blades
 - Level 1.7 Dodging
 - Level 3.2 Stealth
 + Level 4.0 Spellcasting
 - Level 8.0 Ice Magic
 * Level 0.5 Air Magic
 + Level 9.6 Evocations


You had 9 spell levels left.
You knew the following spells:

 Your Spells              Type           Power      Damage    Failure   Level
a - Freeze                Ice            100%       1d11      1%          1
b - Frozen Ramparts       Ice            72%        1d9       1%          3
c - Ozocubu's Armour      Ice            36%        N/A       1%          3

Your spell library contained the following spells:

 Spells                   Type           Power      Damage    Failure   Level
 Shock                    Conj/Air       20%        1d4       12%         1
 Foxfire                  Conj/Fire      16%        2x1d4     13%         1
 Sting                    Tmut/Pois      16%        1d3       13%         1
 Poisonous Vapours        Pois/Air       10%        N/A       17%         2
 Hailstorm                Conj/Ice       20%        3d6       24%         4
 Swiftness                Air            6%         N/A       30%         3
 Confusing Touch          Hex            4%         N/A       36%         3
 Conjure Flame            Conj/Fire      4%         6-21      36%         3
 Inner Flame              Hex/Fire       4%         N/A       36%         3
 Portal Projectile        Hex/Tloc       8%         N/A       36%         3
 Tukima's Dance           Hex            4%         N/A       36%         3
 Airstrike                Air            3%         0-2+      71%         4
 Flame Wave               Conj/Fire      4%         2d5       77%         4
 Olgreb's Toxic Radiance  Pois           4%         N/A       77%         4
 Blade Hands              Tmut           2%         N/A       98%         5
 Yara's Violent Unravell  Hex/Tmut       2%         3d3       98%         5
 Enfeeble                 Hex            2%         N/A       100%        7


Dungeon Overview and Level Annotations

Branches:
Dungeon (6/15)             Temple (1/1) D:6

Altars:
Ashenzari
Cheibriados
Dithmenos
Elyvilon
Fedhas
Gozag
Kikubaaqudgha
Nemelex Xobeh
Okawaru
Qazlal
Sif Muna
Trog
Uskayaw
Vehumet
Wu Jian
Xom
Yredelemnul
Zin
The Shining One

Shops:
D:1 *

Annotations:
D:3 Grinder
D:5 2 transporters


Innate Abilities, Weirdness & Mutations

Your serpentine skin is tough. (AC +3)
You have supernaturally acute eyesight. (SInv)
Armour fits poorly on your strangely shaped body.
Your system is resistant to poisons. (rPois)
You cover ground very slowly.
You can spit poison.
You have a snake-like lower body.


Message History

You barely miss Grinder.
Grinder is heavily wounded.
Grinder hits you but does no damage.
You closely miss Grinder.
Grinder is heavily wounded.
Grinder gestures at you. You resist with significant effort.
You closely miss Grinder.
Grinder is heavily wounded.
Grinder hits you but does no damage.
You hit Grinder but do no damage.
Grinder is heavily wounded.
Grinder hits you.
You writhe in agony.
You hit Grinder but do no damage.
Grinder is heavily wounded.
Grinder gestures at you. Pain shoots through your body!
The gnoll closely misses you.
You are too injured to fight recklessly!
You are too injured to fight recklessly!
You are too injured to fight recklessly!
You are too injured to fight recklessly!
You hit Grinder but do no damage.
Grinder is heavily wounded.
Grinder hits you!
You writhe in agony.
The gnoll hits you with a +0 club.
* * * LOW HITPOINT WARNING * * *
You hit Grinder but do no damage.
Grinder is heavily wounded.
Grinder gestures at you.
You suddenly lose the ability to move!
The gnoll hits you but does no damage. Grinder hits you.
* * * LOW HITPOINT WARNING * * *
You writhe in agony.
* * * LOW HITPOINT WARNING * * *
The gnoll hits you but does no damage. Grinder hits you.
* * * LOW HITPOINT WARNING * * *
You writhe in agony.
* * * LOW HITPOINT WARNING * * *
The gnoll hits you with a +0 club.
You die...

#### #... ######## #...
##......## #...
##........##########...
#.....@................
#....g5....#########...
#..........## ###...
#######...........#### #.....
#....##..............###.#...
#....###........####..##.####
#...............## #...#.#
#....≈...........###.....#
##.#..⌠≈...........#....#####


You could see Grinder and a gnoll.

Vanquished Creatures
  Sigmund (D:2)
  A steam dragon (D:6)
  2 water moccasins (D:6)
  A black bear (D:6)
  3 ice beasts
  2 ogres (D:5)
  A kobold brigand (D:3)
  2 phantoms
  A necrophage (D:6)
  A bullfrog (D:5)
  A jelly (D:6)
  3 scorpions (D:6)
  3 wights (D:6)
  4 howler monkeys (D:3)
  2 hounds
  2 gnoll boudas (D:5)
  Terence (D:2)
  6 iguanas
  10 gnolls
  6 adders
  A shadow imp (D:6)
  A white imp (D:5)
  2 ufetubi
  3 dart slugs
  7 orcs
  7 ball pythons
  7 endoplasms
  A giant cockroach (D:2)
  10 hobgoblins
  15 jackals
  8 kobolds
  3 quokkas
  4 bats
  4 frilled lizards
  5 goblins
  4 rats
135 creatures vanquished.

Vanquished Creatures (others)
  4 plants
4 creatures vanquished.

Grand Total: 139 creatures vanquished

Notes
Turn   | Place    | Note
-------+----------+-------------------------------------------
     0 | D:1      | Malachi the Naga Ice Elementalist began the quest for the
                  | Orb.
     0 | D:1      | Reached XP level 1. HP: 15/15 MP: 3/3
   242 | D:1      | Reached XP level 2. HP: 22/22 MP: 1/5
   428 | D:1      | Found Vadolewnel's General Store.
   838 | D:2      | Noticed Terence
   846 | D:2      | Killed Terence
   847 | D:2      | Reached XP level 3. HP: 21/28 MP: 2/6
  1121 | D:2      | Learned a level 3 spell: Frozen Ramparts
  1125 | D:2      | Learned a level 3 spell: Ozocubu's Armour
  1388 | D:2      | Reached XP level 4. HP: 36/36 MP: 6/8
  1410 | D:2      | Noticed Sigmund
  1416 | D:2      | Killed Sigmund
  1417 | D:2      | Reached skill level 5 in Ice Magic
  1417 | D:2      | Reached XP level 5. HP: 13/42 MP: 5/11
  1978 | D:2      | Reached XP level 6. HP: 48/49 MP: 9/12
  2031 | D:3      | Found the +3 pair of seven-league boots {Rampage+∞}
  2390 | D:3      | Found a faded altar of an unknown god.
  2651 | D:3      | Reached XP level 7. HP: 31/55 MP: 5/13
  2900 | D:3      | Noticed Grinder
  4504 | D:5      | Entered Level 5 of the Dungeon
  4522 | D:5      | Reached skill level 1 in Evocations
  4818 | D:5      | Reached skill level 3 in Evocations
  4818 | D:5      | Reached XP level 8. HP: 50/62 MP: 10/14
  5037 | D:5      | Noticed a wraith
  5038 | D:5      | Found a blossoming altar of Fedhas.
  5039 | D:5      | Found a transporter.
  5043 | D:5      | Found a white marble altar of Elyvilon.
  5054 | D:5      | Found a transporter.
  5099 | D:5      | Reached skill level 4 in Evocations
  5200 | D:5      | Reached skill level 5 in Evocations
  5710 | D:6      | Reached skill level 6 in Evocations
  5853 | D:6      | Reached skill level 7 in Evocations
  5937 | D:6      | Reached XP level 9. HP: 39/67 MP: 10/15
  6450 | D:6      | Reached skill level 8 in Evocations
  6829 | D:6      | Reached skill level 9 in Evocations
  7203 | D:6      | Found a sparkling altar of Nemelex Xobeh.
  7220 | D:6      | Found a staircase to the Ecumenical Temple.
  7238 | Temple   | Entered the Ecumenical Temple
  7442 | Temple   | Became a worshipper of Vehumet
  7719 | D:3      | Paralysed by Grinder for 2 turns
  7737 | D:3      | Paralysed by Grinder for 4 turns
  7739 | D:3      | HP: 2/68 [Grinder (6)]
  7739 | D:3      | Slain by a gnoll

Illustrated notes

Levels and vault maps discovered:
D:1:      eino_arrival_water_cross, layout_rooms, serial_shops,
          nicolae_shop_hallway_plus, chequers_serial_rivers_micro_e
D:2:      layout_basic, serial_forest, infiniplex_forest_end_1,
          infiniplex_forest_lined_2, infiniplex_forest_straight_2,
          infiniplex_forest_clump_tiny, infiniplex_forest_end_3,
          infiniplex_forest_clump_small, infiniplex_forest_end_1,
          infiniplex_forest_straight_2, uniq_sigmund, uniq_terence
D:3:      lemuel_castle_with_subvaults [lemuel_castle_interior_carwin_2],
          layout_rooms, chequers_ecumenical_altar_island,
          corexii_leaking_fountain, kennysheep_cross_bottleneck, uniq_grinder
D:4:      layout_basic
D:5:      layout_loops_ring, gammafunk_temple_overflow_arena,
          chequers_serial_rivers_small_a, st_stairs_11
D:6:      layout_basic, nemelex_altar_shiori, minmay_temple_entry_offerings,
          grunt_decor_fettered, st_stairs_12
Temple:   nicolae_temple_superstar

Skill      XL: |  1  2  3  4  5  6  7  8  9 |
---------------+----------------------------+-----
Spellcasting   | 4 |  4.0
Ice Magic      | 5 7 8 |  8.0
Evocations     | 3 7 9 |  9.6
Short Blades   | |  0.3
Dodging        | |  1.7
Stealth        | |  3.2
Air Magic      | |  0.5

Action                   |  1- 3 |  4- 6 |  7- 9 || total
-------------------------+-------+-------+-------++-------
Melee: Unarmed           |     7 |       |       ||     7
       Punch             |     1 |       |     1 ||     2
       Dagger            |       |    29 |   167 ||   196
 Cast: Freeze            |    31 |    39 |    73 ||   143
       Frozen Ramparts   |     1 |     5 |    14 ||    20
       Ozocubu's Armour  |       |       |    11 ||    11
 Abil: Spit Poison       |     2 |       |     2 ||     4
Evoke: Wand              |       |     1 |     4 ||     5
 Stab: Sleeping          |       |     1 |     2 ||     3
Armor: Robe              |    10 |    37 |    81 ||   128
Dodge: Dodged            |    16 |    46 |   136 ||   198

Table legend: (Time is in decaauts)
 A = Elapsed time spent in this place.
 B = Non-inter-level travel time spent in this place.
 C = Inter-level travel time spent in this place.
 D = Time resting spent in this place.
 E = Time spent auto-exploring this place.
 F = Levels seen in this place.
 G = Mean time per level.
                   A        B        C        D        E       F      G
               +--------+--------+--------+--------+--------+-----+--------+
         Total |   9238 |   8927 |    311 |   1967 |   5074 |   7 | 1319.7 |
       Dungeon |   8940 |   8641 |    299 |   1967 |   4971 |   6 | 1490.0 |
        Temple |    298 |    287 |     11 |      0 |    102 |   1 |  298.0 |
               +--------+--------+--------+--------+--------+-----+--------+

Top non-repeatable levels by time:
     D:6: 2032 daAuts
     D:3: 1659 daAuts
     D:2: 1484 daAuts
     D:5: 1396 daAuts
     D:4: 1391 daAuts
     D:1: 977 daAuts
  Temple: 298 daAuts
